 Dungeon Crawl Stone Soup version 0.18-a0-596-g6468885 (webtiles) character file.

65 Raultor the Sneak (level 3, 0/25 HPs)
             Began as a Vampire Enchanter on Dec 3, 2015.
             Killed from afar by an orc wizard (3 damage)
             ... with a puff of flame
             ... on level 3 of the Dungeon.
             The game lasted 00:08:04 (1782 turns).

Raultor the Sneak (Vampire Enchanter)               Turns: 1782, Time: 00:08:04

Health: 0/25       AC:  5    Str:  7    XL:     3   Next: 92%
Magic:  1/6        EV: 13    Int: 17    God:
Gold:   127        SH:  0    Dex: 15    Spells: 3 memorised, 0 levels left

rFire  . . .     SeeInvis +     a - +1 dagger
rCold  + . .     Clarity  .     b - +1 robe
rNeg   + + +     SustAt   +     (no shield)
rPois  +         Gourm    .     r - +0 helmet
rElec  .         Spirit   .     (no cloak)
rCorr  .         Dismiss  .     (no gloves)
rMut   .         Stasis   .     n - +0 pair of boots
MR     .....                    (no amulet)
Stlth  +++.......               l - ring of positive energy {rN+}
                                k - ring of sustain attributes

@: regenerating slowly, not resistant to hostile enchantments, fairly stealthy
A: fangs 3, see invisible, unbreathing
a: Bat Form


You were on level 3 of the Dungeon.
You were very thirsty.

You visited 1 branch of the dungeon, and saw 3 of its levels.

You collected 127 gold pieces.

Inventory:

Hand Weapons
 a - a +1 dagger (weapon)
Armour
 b - a +1 robe (worn)
 n - a +0 pair of boots (worn)
   (You found it on level 2 of the Dungeon)
 r - a +0 helmet (worn)
   (You found it on level 3 of the Dungeon)
Jewellery
 k - a ring of sustain attributes (left hand)
   (You found it on level 2 of the Dungeon)
 l - a ring of positive energy (right hand) {rN+}
   (You found it on level 2 of the Dungeon)
Scrolls
 e - 2 scrolls of recharging {unknown}
 g - 2 scrolls of identify {unknown}
 h - 2 scrolls of fear {unknown}
 i - 2 scrolls of random uselessness {unknown}
 m - a scroll of immolation {unknown}
 o - 4 scrolls of remove curse {unknown}
 p - a scroll of amnesia {unknown}
 s - a scroll of enchant weapon {unknown}
 t - a scroll of magic mapping {unknown}
 u - a scroll of fog {unknown}
Potions
 d - 6 potions of blood {@q1}
 f - a potion of resistance {unknown}
 j - a potion of curing
 q - a potion of poison {unknown}
Books
 c - a book of Maledictions


   Skills:
 + Level 0.5 Fighting
 + Level 1.5 Short Blades
 + Level 2.9 Dodging
 + Level 5.4 Stealth
 - Level 2.0 Spellcasting
 + Level 5.3 Hexes
 + Level 0.4 Ice Magic


You couldn't memorise any spells.
You knew the following spells:

 Your Spells              Type           Power        Failure   Level  Hunger
a - Corona                Hex            ###....      2%          1    #......
b - Ensorcelled Hibernat  Hex/Ice        ##....       12%         2    ###....
c - Tukima's Dance        Hex            ###.....     10%         3    ###....


Dungeon Overview and Level Annotations

Branches:
Dungeon (3/15)

Altars:
Nemelex Xobeh
Sif Muna


Innate Abilities, Weirdness & Mutations

You heal slowly.
You have razor-sharp teeth.
You have supernaturally acute eyesight.
You can survive without breathing.


Message History

You closely miss the kobold. You hit the kobold.
The kobold hits you but does no damage.
You hit the kobold but do no damage. The kobold hits you but does no damage.
You barely miss the kobold. Your bite misses the kobold.
The kobold hits you with a dagger.
You take 5 damage, and have 19/25 hp.
You hit the kobold.
You kill the kobold!
No target in view!
You see here a shield.
There is an escape hatch in the ceiling here.
u - a scroll labeled LARECW KOFFYAPS You hear the slow rusting of a very distant drain. 2 orcs and an orc wizard come into view.
The orc shouts!
The orc wizard shouts!
You hear a shout!
The orc hits you with a flail.
You hear a shout!
You take 6 damage, and have 14/25 hp.
MASSIVE DAMAGE!!
Aim: an orc, wielding a flail (chance to defeat MR: 93%)
The orc barely resists.
The orc hits you with a flail.
You take 5 damage, and have 9/25 hp.
You now have 3/6 mp.
Aim: an orc, wielding a flail (chance to defeat MR: 93%)
The flail dances into the air!
The orc barely misses you.
You now have 0/6 mp.
Something hits your flail. Something closely misses your flail.
The orc wizard points at you and mumbles some strange words.
The puff of flame hits your flail.
Your flail resists.
You hit the orc.
The orc wizard gestures at you while chanting.
The magic dart hits your flail. The orc hits you.
You take 1 damage, and have 8/25 hp.
You hit the orc. The orc hits you.
* * * LOW HITPOINT WARNING * * *
You take 4 damage, and have 4/25 hp.
You hit the orc. The orc wizard casts a spell at you.
Your flail is unaffected.
The orc hits you.
* * * LOW HITPOINT WARNING * * *
Your flail hits the orc!
The orc dies!
You take 1 damage, and have 3/25 hp.
You hit the orc but do no damage. The orc closely misses you.
A kobold comes into view.
The kobold moves out of view.
You closely miss the orc.
The orc wizard gestures wildly while chanting.
The orc wizard flickers and vanishes for a moment.
The orc misses you.
You barely miss the orc. The orc barely misses you.
You barely miss the orc. You bite the orc.
You draw the orc's blood!
You feel better.
You feel slightly less thirsty.
You regained 3 hp, and now have 6/25 hp.
You hit the orc but do no damage. The orc barely misses you.
You hit the orc.
You kill the orc!
Aim: an orc wizard, wielding a dagger and wearing a robe (slightly transparent, chance to defeat MR: 42%)
Okay, then.
You don't have enough magic to cast that spell.
Aim: an orc wizard, wielding a dagger and wearing a robe (slightly transparent, chance to defeat MR: 42%)
The orc wizard resists with some effort.
You now have 0/6 mp.
You hit the orc wizard.
The orc wizard gestures at you while chanting.
The magic dart hits you!
* * * LOW HITPOINT WARNING * * *
You take 2 damage, and have 4/25 hp.
You hit the orc wizard but do no damage.
The orc wizard hits you but does no damage.
You hit the orc wizard. Your bite misses the orc wizard.
The orc wizard hits you but does no damage.
You barely miss the orc wizard.
The orc wizard hits you but does no damage.
You hit the orc wizard but do no damage.
The orc wizard points at you and mumbles some strange words.
The magic dart hits you!
* * * LOW HITPOINT WARNING * * *
You take 3 damage, and have 1/25 hp.
Drink which item? (? for menu, Esc to quit)
It was a potion of curing.
You feel better. The orc wizard hits you with a dagger.
* * * LOW HITPOINT WARNING * * *
You regained 4 hp, and now have 5/25 hp.
Drink which item? (? for menu, Esc to quit)
Okay, then.
You hit the orc wizard but do no damage.
You hit the orc wizard.
The orc wizard hits you but does no damage.
You closely miss the orc wizard.
The orc wizard hits you but does no damage.
You hit the orc wizard. The orc wizard hits you with a dagger.
* * * LOW HITPOINT WARNING * * *
You take 2 damage, and have 3/25 hp.
You barely miss the orc wizard. The orc wizard casts a spell at you.
The puff of flame hits you!
You die...

#..## #..#.####.. ##..#
#.#....... ### #..##
.###...###..# ..# .# #.).#
.[.........(. #.# #.# #...#
..###...#.... #.# #.# ##..#
#.###.....#.. #.# #.#
#..###.##........# ##†###.#
#o..##.##.......## #...##.#
#@#.##.##......### ##....#.###
#.....<..[....###.
#.........###..#...##.#......###
#........)....................##
#<###.##...###.................#
##.###.#.........####.####..#....
#...##.##...###..##.....##..##...
............# #..#.......#..#####
#...####....# #..#.......#..#


You could see an orc wizard (invisible).

Vanquished Creatures
  An adder (D:2)
  4 worms
  A giant gecko (D:1)
  5 orcs (D:3)
  A ball python (D:1)
  4 giant cockroaches (D:1)
  2 hobgoblins (D:1)
  4 kobolds
  5 bats
  4 giant newts
  3 goblins
  3 rats
37 creatures vanquished.

Vanquished Creatures (collateral kills)
  An orc (D:3)
1 creature vanquished.

Grand Total: 38 creatures vanquished

Notes
Turn   | Place    | Note
--------------------------------------------------------------
     0 | D:1      | Raultor the Vampire Enchanter began the quest for the Orb.
     0 | D:1      | Reached XP level 1. HP: 13/13 MP: 3/3
    87 | D:1      | Reached skill level 5 in Hexes
   160 | D:1      | Reached XP level 2. HP: 8/19 MP: 5/5
   700 | D:1      | Learned a level 2 spell: Ensorcelled Hibernation
  1109 | D:2      | Reached XP level 3. HP: 18/25 MP: 1/6
  1222 | D:2      | Reached skill level 5 in Stealth
  1536 | D:3      | Learned a level 3 spell: Tukima's Dance
  1651 | D:3      | Found a deep blue altar of Sif Muna.
  1693 | D:3      | Found a sparkling altar of Nemelex Xobeh.
  1753 | D:3      | HP: 4/25 [orc (4)]
  1772 | D:3      | HP: 4/25 [orc wizard/magic dart (2)]
  1776 | D:3      | HP: 1/25 [orc wizard/magic dart (3)]
  1781 | D:3      | HP: 3/25 [orc wizard/dagger (2)]
  1782 | D:3      | Killed from afar by an orc wizard

Vault maps used:
D:1:      roderic_chinese_lattice_arrival, minmay_stone_trees_small,
          minmay_misc_feat_columns
D:3:      old_standard_altar, portal_sewer_entry_e, supply_closet_lemuel,
          nemelex_diamond_rough_becter

Action                   || total
-------------------------++-------
Melee: Dagger            ||   129
 Cast: Ensorcelled Hiber ||     9
       Tukima's Dance    ||     2
  Use: Potion            ||     1
 Stab: Sleeping          ||    11
  Eat: Corpse            ||     1

Vault maps used:
D:1:      roderic_chinese_lattice_arrival, minmay_stone_trees_small,
          minmay_misc_feat_columns
D:3:      old_standard_altar, portal_sewer_entry_e, supply_closet_lemuel,
          nemelex_diamond_rough_becter

Table legend:
 A = Turns spent in this place as a percentage of turns spent in the entire game.
 B = Non-inter-level travel turns spent in this place as a percentage of non-inter-level travel turns spent in the entire game.
 C = Inter-level travel turns spent in this place as a percentage of turns spent in this place.
 D = Turns resting spent in this place as a percentage of non-inter-level travel turns spent in this place.
 E = Turns spent auto-exploring this place as a percentage of non-inter-level travel turns spent in this place.
 F = Non-inter-level travel turns spent in this place divided by the number of levels of this place that you've seen.
                   A       B       C       D       E      F
               +-------+-------+-------+-------+-------+----------------------
         Total | 100.0 | 100.0 |   0.4 |   0.9 |  14.2 | 147.7
       Dungeon | 100.0 | 100.0 |   0.4 |   0.9 |  14.2 | 147.7
               +-------+-------+-------+-------+-------+----------------------

Table legend:
 A = Kills in this place as a percentage of kills in entire the game.
 B = Kills by you in this place as a percentage of kills by you in the entire game.
 C = Kills by friends in this place as a percentage of kills by friends in the entire game.
 D = Other kills in this place as a percentage of other kills in the entire game.
 E = Experience gained in this place as a percentage of experience gained in the entire game.
 F = Experience gained in this place divided by the number of levels of this place that you have seen.
                   A       B       C       D       E      F
               +-------+-------+-------+-------+-------+----------------------
         Total | 100.0 | 100.0 | 100.0 |  -nan | 100.0 |  31.0
       Dungeon | 100.0 | 100.0 | 100.0 |  -nan | 100.0 |  31.0
               +-------+-------+-------+-------+-------+----------------------
